cohdb
Replays
Latest Replays
All Replays
Popular Replays
Top Player Replays
Match Explorer
How It Works
Community
CoH3 Stats
Reddit
Sign in to upload your games and track your stats! →
Sign in with Steam
Match 40604242
Unlisted
Match 40604242
Overview
Messages
Build Orders
End
Selects Armored Battlegroup
Selects Assault Engineers
Assault Engineer Squad
Assault Engineer Squad
Assault Engineer Squad
Construct Weapon Support Center
M1919 Machine Gun Team
Construct Medical Station
Bazooka Squad
Mechanized Support Center
Selects Strength in Steel
Construct Motor Pool
M8 Greyhound Armored Car
M8 Greyhound Armored Car
Selects Field Repairs
Designate Forward Repair Station
M1 Anti-tank Gun Team
Improvised Armor
Construct Tank Depot
Selects War Machine
M4A1 Sherman Medium Tank
M4A1 Sherman Medium Tank
Rapid Repairs
Designate Forward Repair Station
M4A1 76mm Conversion
Selects Seek and Destroy
Selects UNKNOWN (2160077)
M4A3E8 Sherman Easy Eight
Novacaine
4-in-1 Petrol lawnmower
KevinTDW
Chank Bulkhead
0
0
Comments
sign in to comment!
No comments posted yet!